 Dungeon Crawl Stone Soup version 0.20.0-7-g3b7b877 (webtiles) character file.

78 Rrauwl the Slasher (level 4, -2/29 HPs)
             Began as a Halfling Gladiator on May 29, 2017.
             Killed from afar by an orc wizard (8 damage)
             ... with a magic dart
             ... on level 2 of the Dungeon.
             The game lasted 00:03:44 (1714 turns).

Rrauwl the Slasher (Halfling Gladiator)             Turns: 1714, Time: 00:03:44

Health: -2/29      AC:  4    Str: 16    XL:     4   Next: 61%
Magic:  4/4        EV: 16    Int:  6    God:
Gold:   106        SH:  0    Dex: 15    Spells: 3/3 levels left

rFire    . . .     SeeInvis .   a - +0 long sword
rCold    . . .     Gourm    .   (shield restricted)
rNeg     . . .     Faith    .   b - +0 leather armour
rPois    .         Spirit   .   m - +0 helmet
rElec    .         Reflect  .   (no cloak)
rCorr    .         Harm     +   (no gloves)
MR       .....                  (no boots)
Stlth    +.........             j - amulet of harm
Regen    0.1/turn               g - +1 ring of evasion
MPRegen  0.1/turn               (no ring)

@: no status effects
A: mutation resistance 1
a: no special abilities


You were on level 2 of the Dungeon.
You were hungry.

You visited 1 branch of the dungeon, and saw 3 of its levels.

You collected 106 gold pieces.

Inventory:

Hand Weapons
 a - a +0 long sword (weapon)
Missiles
 d - 3 throwing nets (quivered)
 e - 99 stones
Armour
 b - a +0 leather armour (worn)
 c - a +0 helmet
 m - a +0 helmet (worn)
Jewellery
 g - a +1 ring of evasion (left hand)
 j - an amulet of harm (around neck)
Scrolls
 h - a scroll of enchant weapon
Comestibles
 f - 2 bread rations
 i - a fruit
 k - a royal jelly


   Skills:
 - Level 2.0 Fighting
 + Level 4.9 Long Blades
 - Level 2.0 Throwing
 - Level 3.2 Dodging


You had 3 spell levels left.
You didn't know any spells.

Dungeon Overview and Level Annotations

Branches:
Dungeon (3/15)

Altars:
Ru
Trog


Innate Abilities, Weirdness & Mutations

You are small and have problems with some larger weapons.
You are somewhat resistant to further mutation.


Message History

You completely miss the orc.
You climb upwards.
There is a stone staircase leading down here.
The orc wizard mumbles some strange words.
The orc wizard blinks!
The orc misses you.
You riposte.
You hit the orc.
The orc is moderately wounded.
The orc hits you with a falchion.
The orc wizard gestures at you while chanting.
The magic dart hits you! The orc closely misses you.
The orc closely misses you.
The orc wizard gestures at you while chanting.
The magic dart hits you!
* * * LOW HITPOINT WARNING * * *
The orc wizard mumbles some strange words.
The orc wizard seems to speed up.
You hit the orc.
You kill the orc!
The orc wizard points at you and mumbles some strange words.
The magic dart hits you!
You die...

####.####.# #......... # #.# #.#
#......... # #.# #.#####
#......... # #.# #.....#
#####.......# #
#.####..##.#######........)...
####.##....##.##......##.........
.................######.........÷
................#######..........
...#............@)oo.............
...#...##.....#.##......#........
......###.....#....#######>......
...#..# #.......############.####
...#.####............##......#
...#...##....................##
.††#.#.##.....................#
...#.#.##.....(...............###
###....##...................)....


You could see an orc wizard and an orc.

Vanquished Creatures
  2 adders (D:2)
  2 oozes (D:2)
  2 dart slugs
  A leopard gecko (D:1)
  An orc (D:2)
  4 ball pythons
  5 bats
  2 giant cockroaches (D:1)
  6 hobgoblins
  4 jackals (D:2)
  5 kobolds
  2 frilled lizards
  3 goblins (D:1)
  6 rats
45 creatures vanquished.

Notes
Turn   | Place    | Note
-------+----------+-------------------------------------------
     0 | D:1      | Rrauwl the Halfling Gladiator began the quest for the Orb.
     0 | D:1      | Reached XP level 1. HP: 14/14 MP: 1/1
    88 | D:1      | Reached XP level 2. HP: 11/19 MP: 2/2
   531 | D:1      | Reached XP level 3. HP: 24/24 MP: 3/3
   768 | D:1      | Reached skill level 4 in Long Blades
  1292 | D:2      | Found a bloodstained altar of Trog.
  1310 | D:2      | Reached XP level 4. HP: 29/29 MP: 4/4
  1478 | D:2      | Found a sacrificial altar of Ru.
  1714 | D:2      | Killed from afar by an orc wizard

Skill      XL: |  1  2  3 |
---------------+----------+-----
Fighting       | 2 |  2.0
Long Blades    | 4 |  4.9
Throwing       | |  2.0
Dodging        | |  3.2

Action                   |  1- 3 |  4- 6 || total
-------------------------+-------+-------++-------
Melee: Long sword        |    80 |    28 ||   108
  Use: Scroll            |     1 |     1 ||     2
       Potion            |       |     1 ||     1
  Eat: Chunk             |     1 |     1 ||     2
Armor: Leather armour    |    38 |     3 ||    41
Dodge: Dodged            |   114 |    23 ||   137
       Rpst.: Long sword |    31 |     7 ||    38
